 Dungeon Crawl Stone Soup version 0.24-a0-422-g9eff389 (webtiles) character file.

Game seed: 12742778341595994595

1834 TheGoonsmith the Arsonist (level 9, 0/45 HPs)
             Began as a Gargoyle Fire Elementalist on June 12, 2019.
             Was a Follower of Vehumet.
             Slain by Duvessa
             ... wielding a +0 rapier
              (1 damage)
             ... on level 5 of the Dungeon.
             The game lasted 00:09:23 (4987 turns).

TheGoonsmith the Arsonist (GrFE)                    Turns: 4987, Time: 00:09:23

Health: 0/45       AC: 12    Str: 11    XL:     9   Next: 11%
Magic:  2/13       EV: 15    Int: 20    God:    Vehumet [*.....]
Gold:   239        SH:  0    Dex: 15    Spells: 6/14 levels left

rFire    . . .     SeeInvis .   l - +1 long sword
rCold    . . .     Gourm    .   (no shield)
rNeg     + . .     Faith    .   m - +0 ring mail
rPois    ∞         Spirit   .   (no helmet)
rElec    +         Reflect  .   (no cloak)
rCorr    .         Harm     .   t - +0 pair of gloves (curse)
MR       .....                  (no boots)
Stlth    +.........             (no amulet)
HPRegen  0.15/turn              (no ring)
MPRegen  0.13/turn              (no ring)

@: agile, flying, glowing
A: negative energy resistance 1, electricity resistance, unbreathing,
petrification resistance, rot immunity, AC +6
a: Renounce Religion


You were on level 5 of the Dungeon.
You worshipped Vehumet.
Vehumet was aware of your devotion.
You were not hungry.

You visited 2 branches of the dungeon, and saw 8 of its levels.

You collected 239 gold pieces.

Inventory:

Hand Weapons
 b - a +0 hand axe
 l - a +1 long sword (weapon)
Armour
 a - a +0 robe
 h - a +0 pair of gloves
 m - a +0 ring mail (worn)
 t - a cursed +0 pair of gloves (worn)
Magical Staves
 p - an uncursed staff of energy
 x - an uncursed staff of cold {unknown}
Jewellery
 k - an uncursed ring of fire
 w - an uncursed amulet of harm {unknown}
Wands
 z - a wand of acid (9)
Scrolls
 d - 6 scrolls of remove curse
 e - 4 scrolls of teleportation
 f - a scroll of fog
 s - a scroll of enchant armour {unknown}
 y - a scroll of blinking {unknown}
Potions
 g - a potion of agility
 i - 2 potions of might
 j - 3 potions of curing {unknown}
 n - 3 potions of degeneration
 o - a potion of lignification {unknown}
 q - a potion of haste {unknown}
 r - 4 potions of flight
 u - a potion of cancellation {unknown}
 v - a potion of heal wounds {unknown}
Comestibles
 c - 9 rations


   Skills:
 - Level 1.5 Dodging
 - Level 2.1 Stealth
 - Level 3.2 Spellcasting
 - Level 4.5 Conjurations
 + Level 10.7 Fire Magic


You had 6 spell levels left.
You knew the following spells:

 Your Spells              Type           Power        Failure   Level  Hunger
a - Flame Tongue          Conj/Fire      ####.        1%          1    None
c - Conjure Flame         Conj/Fire      ####....     4%          3    ###....
s - Sticky Flame          Conj/Fire      ####....     14%         4    ####...

Your spell library contained the following spells:

 Spells                   Type           Power        Failure   Level  Hunger
 Freeze                   Ice            #...         34%         1    None
 Throw Flame              Conj/Fire      ####..       2%          2    ##.....
 Inner Flame              Hex/Fire       ###.....     12%         3    ###....
 Fireball                 Conj/Fire      ####......   38%         5    ######.


Dungeon Overview and Level Annotations

Branches:
Dungeon (7/15)             Temple (1/1) D:4

Altars:
Ashenzari
Cheibriados
Dithmenos
Elyvilon
Fedhas
Gozag
Hepliaklqana
Kikubaaqudgha
Makhleb
Nemelex Xobeh
Okawaru
Qazlal
Ru
Sif Muna
Trog
Uskayaw
Vehumet
Wu Jian
Xom
Yredelemnul
Zin
The Shining One

Shops:
D:5 (

Annotations:
D:3 Corianis's ghost, amateur GrWz
D:4 1 runed translucent door, faon's ghost, amateur FoFi
D:5 Duvessa


Innate Abilities, Weirdness & Mutations

You are resistant to torment.
Your stone body is resilient. (AC +6)
You are immune to poison.
You resist negative energy. (rN+)
You are resistant to electric shocks. (rElec)
You can survive without breathing.
You are immune to petrification.
You are immune to rotting.


Message History

Okay, then.
Casting: Flame Tongue (safe; 1% risk of failure)
Confirm with . or Enter, or press ? or * to list all spells.
Aiming: Sticky Flame (safe; 14% risk of failure)
Press: ? - help, Shift-Dir - straight line, f/p - Duvessa
Aim: Duvessa, wielding a +0 rapier and wearing a cursed +0 leather armour (heavily wounded, berserk, fast, unusually strong)
The sticky flame hits Duvessa.
Duvessa is heavily wounded.
Duvessa is covered in liquid flames!
Duvessa burns!
Duvessa barely misses you.
Unknown command.
Duvessa burns!
Duvessa burns!
Duvessa hits you with a +0 rapier.
* * * LOW HITPOINT WARNING * * *
It was a potion of flight.
You feel very buoyant.
You fly up into the air.
Duvessa burns!
Duvessa hits you but does no damage.
It was a potion of agility.
You feel agile all of a sudden.
Duvessa burns!
Duvessa hits you with a +0 rapier.
You die...

#.###.###.# #.########(.#
#.#.......# #.# #..#
#####.#.#.##..# #.### #..#
..............# #...# #..#
#########.##.## ###.# #..#
###.##.# .# ##.# #......####
.# #.# #######.........###.#
#.# ....#...........@e.)# #.#
##..#.#.........###########.#
#.<#.#.....................#
#..#.###.#.[(...##########.#
#..#.# #.###..#.# #.# #..#.#
#..[..)).# #.# #..#.#
#####.(### #.# ##..#.## #..#
#.# .[.†...######..# #.#


You could see Duvessa (berserk).

Vanquished Creatures
  Pikel (D:5)
  Grinder (D:3)
  Sigmund (D:3)
  Eustachio (D:6)
  A slave (D:5)
  Blork the orc (D:6)
  A bullfrog (D:6)
  A scorpion (D:3)
  Dowan (D:5)
  2 howler monkeys
  A bullfrog zombie (D:5)
  A jelly (D:5)
  3 orc priests
  3 orc wizards
  A bullfrog skeleton (D:6)
  Terence (D:3)
  An iguana (D:5)
  2 worker ants
  A hound skeleton (D:5)
  4 gnolls (D:5)
  5 adders
  A shadow imp (D:6)
  2 worker ant simulacra (D:3)
  An ooze (D:5)
  3 worms
  An adder simulacrum (D:3)
  4 leopard geckos
  16 orcs
  4 giant cockroaches
  6 goblins
  9 hobgoblins
  3 quokkas
  A ball python simulacrum (D:3)
  6 bats
  5 frilled lizards
  A giant cockroach zombie (D:6)
  A jackal simulacrum (D:3)
  11 kobolds
  2 leopard gecko skeletons
  6 rats
117 creatures vanquished.

Vanquished Creatures (others)
  A kobold (D:3)
1 creature vanquished.

Grand Total: 118 creatures vanquished

Notes
Turn   | Place    | Note
-------+----------+-------------------------------------------
     0 | D:1      | TheGoonsmith the Gargoyle Fire Elementalist began the quest
                  | for the Orb.
     0 | D:1      | Reached XP level 1. HP: 10/10 MP: 3/3
   123 | D:1      | Reached XP level 2. HP: 14/15 MP: 0/5
   791 | D:2      | Reached XP level 3. HP: 19/19 MP: 0/6
  1205 | D:2      | Reached XP level 4. HP: 24/24 MP: 0/8
  1640 | D:2      | Learned a level 3 spell: Conjure Flame
  1645 | D:2      | Learned a level 4 spell: Sticky Flame
  1768 | D:3      | Found a runed translucent gate.
  1768 | D:3      | Found a runed translucent gate.
  1768 | D:3      | Found a runed translucent gate.
  1779 | D:3      | Reached skill level 4 in Fire Magic
  1779 | D:3      | Reached XP level 5. HP: 18/28 MP: 4/9
  2036 | D:3      | Noticed Sigmund
  2132 | D:3      | Noticed Grinder
  2139 | D:3      | Paralysed by Grinder for 7 turns
  2150 | D:3      | Killed Grinder
  2150 | D:3      | Reached skill level 5 in Fire Magic
  2150 | D:3      | Reached XP level 6. HP: 14/32 MP: 2/10
  2374 | D:3      | Noticed Corianis's ghost (amateur GrWz)
  2418 | D:3      | Noticed Terence
  2426 | D:3      | Killed Terence
  2432 | D:3      | Killed Sigmund
  2432 | D:3      | Reached skill level 6 in Fire Magic
  2432 | D:3      | Reached XP level 7. HP: 23/36 MP: 9/11
  2979 | D:4      | Reached skill level 7 in Fire Magic
  3181 | D:4      | Found a staircase to the Ecumenical Temple.
  3186 | D:4      | Found a runed translucent door.
  3189 | Temple   | Entered the Ecumenical Temple
  3287 | Temple   | Became a worshipper of Vehumet
  3434 | D:4      | Noticed faon's ghost (amateur FoFi)
  3601 | D:5      | Entered Level 5 of the Dungeon
  3847 | D:5      | Reached XP level 8. HP: 41/41 MP: 4/12
  3937 | D:5      | Found a stormy altar of Qazlal.
  3939 | D:5      | Noticed Pikel
  3974 | D:5      | Killed Pikel
  3974 | D:5      | Reached skill level 9 in Fire Magic
  4379 | D:5      | You fall into a shaft and drop 2 floors!
  4421 | D:6      | Noticed Eustachio
  4429 | D:6      | Killed Eustachio
  4429 | D:6      | Reached skill level 10 in Fire Magic
  4529 | D:6      | Noticed Blork the orc
  4533 | D:6      | Killed Blork the orc
  4533 | D:6      | Reached * piety under Vehumet
  4533 | D:6      | Offered knowledge of Freeze by Vehumet.
  4611 | D:6      | Reached XP level 9. HP: 45/45 MP: 11/13
  4852 | D:5      | Found Yphuebur's Weapon Shop.
  4974 | D:5      | Noticed Duvessa
  4974 | D:5      | Noticed Dowan
  4979 | D:5      | Killed Dowan
  4985 | D:5      | HP: 1/45 [Duvessa/+0 rapier (4)]
  4987 | D:5      | Slain by Duvessa

Levels and vault maps discovered:
D:1:      shiori_arrival_oz, layout_basic, minmay_split_cup_large
D:2:      layout_rooms, first_ration
D:3:      layout_rooms, gammafunk_ghost_icy, moated_statue, st_stairs_12,
          uniq_sigmund, uniq_terence, uniq_grinder
D:4:      layout_rooms, minmay_temple_entry_proselytizer,
          ebering_ghost_reflecting_pool
D:5:      layout_loops_ring, nicolae_overflow_crystal_walls, serial_shops, shop,
          uniq_duvessa, uniq_pikel
D:6:      layout_basic, trog_butcher_becter, uniq_eustachio, uniq_blork_the_orc
D:7:      minmay_chambers_of_sixes, layout_rooms, serial_undead,
          serial_undead_d, serial_undead_a, serial_undead_b, serial_undead_c,
          serial_undead_e, serial_undead_c, grunt_decor_cap, grunt_ministairs_8,
          hex_intersection, serial_bayou_lake_a
Temple:   kilobyte_greek_temple

Skill      XL: |  1  2  3  4  5  6  7  8 |
---------------+-------------------------+-----
Conjurations   | 2 3 4 |  4.5
Spellcasting   | 3 |  3.2
Fire Magic     | 4 5 6 7 10 | 10.7
Dodging        | |  1.5
Stealth        | |  2.1

Action                   |  1- 3 |  4- 6 |  7- 9 || total
-------------------------+-------+-------+-------++-------
Melee: Hand axe          |    26 |       |       ||    26
       Long sword        |       |    23 |    49 ||    72
 Cast: Flame Tongue      |    56 |    49 |   135 ||   240
       Sticky Flame      |       |       |     5 ||     5
  Use: Scroll            |       |     7 |     2 ||     9
       Potion            |       |     1 |     3 ||     4
  Eat: Chunk             |     2 |     3 |     9 ||    14
Armor: Robe              |    17 |     4 |       ||    21
       Ring mail         |       |    18 |    66 ||    84
Dodge: Dodged            |    26 |    28 |    68 ||   122
       Rpst.: Long sword |       |     8 |    21 ||    29

Table legend:
 A = Non-vault XP
 B = Vault XP
 C = Vault XP percentage of total XP
 D = Non-vault monster count
 E = Vault monster count
 F = Vault count percentage of total count
                 A         B        C        D         E       F
            +---------+---------+-------+---------+---------+-------
      Total |     984 |    1636 |  62.4 |      95 |      21 |  18.1
            +---------+---------+-------+---------+---------+-------
        D:1 |      16 |       8 |  33.3 |       9 |       6 |  40.0
        D:2 |      69 |       0 |   0.0 |      23 |       0 |   0.0
        D:3 |     111 |     576 |  83.8 |      15 |      10 |  40.0
        D:4 |     239 |      41 |  14.6 |      19 |       1 |   5.0
        D:5 |     347 |     718 |  67.4 |      22 |       2 |   8.3
        D:6 |     202 |     293 |  59.2 |       7 |       2 |  22.2
            +---------+---------+-------+---------+---------+-------
